AoeStats
← chinorron

Oasis

510137317Analyzed
2v2 RM · 1d ago on Sep 29, 2026· 62m 9s· 4 players
Game mode
Random Map
Map size
Medium (4 player)
Population
200
Speed
Normal
Resources
Standard
Victory
Conquest
Starting age
Dark Age
Ending age
Imperial Age
RankedLock teamsTeams togetherTeam positionsShared explorationLock speedFull tech treeHidden civsTurbo modeCheats
Victory
Defeat
🇪🇸 Britons · Spain
1190
+14
🇪🇸 Teutons · Spain
1120
+16
🇦🇷 Chinese · Argentina
1166
-16
🇦🇷 Lithuanians · Argentina
1105
-14
G.E.R.A
0:54 Loom
10:56 Feudal Age
14:32 Horse Collar
14:43 Double-Bit Axe
20:04 Castle Age
18:43 Fletching
19:06 Padded Archer Armor
19:31 Stone Mining
20:27 Gold Mining
21:02 Leather Archer Armor
20:42 Bodkin Arrow
21:16 Bodkin Arrow
22:44 Bow Saw
23:41 Heavy Plow
25:23 Stone Shaft Mining
28:02 Wheelbarrow
28:04 Scale Mail Armor
28:14 Forging
28:04 Scale Mail Armor
31:28 Ballistics
32:38 Iron Casting
32:53 Hand Cart
35:14 Gold Shaft Mining
35:35 Great Wall
38:29 Imperial Age
37:06 Chain Mail Armor
36:57 Scale Barding Armor
38:11 Bloodlines
38:01 Husbandry
40:47 Chemistry
40:55 Chain Barding Armor
40:00 Light Cavalry
42:15 Blast Furnace
41:17 Bracer
42:24 Ring Archer Armor
42:54 Plate Barding Armor
42:08 Cavalier
44:34 Plate Mail Armor
Mancuso Lombardi
6:02 Loom
9:27 Feudal Age
10:21 Double-Bit Axe
14:10 Scale Barding Armor
15:56 Horse Collar
20:34 Castle Age
18:31 Stone Mining
19:39 Gold Mining
23:19 Wheelbarrow
25:45 Forging
30:47 Chain Barding Armor
32:22 Iron Casting
34:42 Hand Cart
43:17 Light Cavalry
44:08 Bloodlines
44:01 Husbandry
sepereti
7:15 Loom
11:42 Feudal Age
15:28 Double-Bit Axe
18:25 Castle Age
16:07 Horse Collar
20:36 Heavy Plow
22:14 Wheelbarrow
23:28 Bow Saw
25:19 Elite Skirmisher
26:34 Gold Mining
26:35 Stone Mining
30:06 Stone Shaft Mining
31:41 Hand Cart
32:17 Bloodlines
33:09 Padded Archer Armor
33:00 Fletching
34:48 Ballistics
34:47 Leather Archer Armor
34:28 Bodkin Arrow
37:49 Imperial Age
38:04 Capped Ram
40:29 Chemistry
40:47 Ring Archer Armor
41:51 Two-Man Saw
42:07 Crop Rotation
41:40 Pikeman
42:20 Squires
46:47 Halberdier
49:22 Scale Mail Armor
49:33 Forging
51:12 Conscription
57:32 Cavalier
58:23 Scale Barding Armor
58:54 Iron Casting
58:33 Paladin
59:39 Chain Barding Armor
60:57 Spies/Treason
chinorron
3:20 Loom
11:04 Feudal Age
11:57 Double-Bit Axe
19:04 Castle Age
17:52 Fletching
20:06 Bow Saw
19:38 Horse Collar
20:13 Crossbowman
23:23 Wheelbarrow
24:33 Heavy Plow
28:28 Hand Cart
30:55 Imperial Age
30:23 Bodkin Arrow
31:14 Ballistics
30:56 Padded Archer Armor
31:50 Bracer
31:17 Arbalester
33:24 Chemistry
32:41 Leather Archer Armor
35:38 Ring Archer Armor
36:30 Yeomen
52:21 Spies/Treason
Connection lost

Rejoining the realm…

Still unreachable

The connection could not be restored.

Session expired

The server has moved on; the page needs a fresh start.